 Dungeon Crawl Stone Soup version 0.18.1-50-g88ac8fd (webtiles) character file.

14120 lorenzova the Eclecticist (level 11, -10/53 (54) HPs)
             Began as a Deep Elf Conjurer on Oct 23, 2016.
             Was the Champion of Sif Muna.
             Shot with an arrow by a centaur warrior (20 damage)
             ... on level 12 of the Dungeon.
             The game lasted 00:40:03 (17631 turns).

lorenzova the Eclecticist (Deep Elf Conjurer)      Turns: 17631, Time: 00:40:04

HP:   -10/53 (54)   AC:  6    Str:  5    XL:     11   Next: 84%
MP:   21/32         EV: 13    Int: 24    God:    Sif Muna [******]
Gold: 479           SH:  0    Dex: 15    Spells: 6 memorised, 15 levels left

rFire  . . .     SeeInvis .     F - +1 quarterstaff of Xushik {flame, Fragile rElec rPois rN++}
rCold  + . .     Gourm    .     Q - +2 robe {Archmagi}
rNeg   + + .     Faith    .     (shield currently unavailable)
rPois  +         Spirit   .     u - +0 helmet
rElec  +         Dismiss  .     (no cloak)
rCorr  .         Reflect  .     I - +0 pair of gloves
SustAt +         Harm     .     (no boots)
MR     +....                    (no amulet)
Stlth  ++........               y - ring of sustain attributes
                                d - ring of protection from cold

@: somewhat resistant to hostile enchantments, unstealthy
A: no striking features
a: Channel Energy, Forget Spell, Renounce Religion


You were on level 12 of the Dungeon.
You worshipped Sif Muna.
Sif Muna was exalted by your worship.
You were not hungry.

You visited 3 branches of the dungeon, and saw 14 of its levels.
You also visited: Sewer.

You collected 479 gold pieces.

Inventory:

Hand Weapons
 p - a +0 hand axe of flaming
 F - the +1 quarterstaff of Xushik (weapon) {flame, Fragile rElec rPois rN++}
   (You found it on level 6 of the Dungeon)

   It has been specially enchanted to burn those struck by it, causing extra
   injury to most foes and up to half again as much damage against particularly
   susceptible opponents.
   It insulates you from electricity.
   It protects you from poison.
   It greatly protects you from negative energy.
   It will be destroyed if unequipped.
Armour
 a - a +2 robe of magic resistance
 u - a +0 helmet (worn)
 C - a +0 buckler
 I - a +0 pair of gloves (worn)
 L - a +1 leather armour of cold resistance
 Q - a +2 robe of the Archmagi (worn)
Jewellery
 d - a ring of protection from cold (left hand)
 i - an uncursed ring of resist corrosion
 y - a ring of sustain attributes (right hand)
 V - an uncursed ring of flight
Wands
 G - a wand of flame (28/48)
 M - a wand of digging (9/24)
 T - a wand of confusion (19/48)
 U - a wand of flame (25/48)
Scrolls
 f - 4 scrolls of random uselessness {unknown}
 k - a scroll of blinking {unknown}
 l - a scroll of magic mapping {unknown}
 n - 4 scrolls of enchant armour {unknown}
 o - 2 scrolls of fear {unknown}
 r - 9 scrolls of remove curse
 s - a scroll of enchant weapon {unknown}
 w - 5 scrolls of noise
 A - 2 scrolls of recharging
 B - 5 scrolls of teleportation
 E - 2 scrolls of amnesia {unknown}
 J - a scroll of immolation {unknown}
 K - 3 scrolls of holy word {unknown}
 R - a scroll of vulnerability {unknown}
 Y - a scroll of identify
Potions
 e - 2 potions of berserk rage
 h - 4 potions of curing
 j - a potion of ambrosia
 m - 3 potions of cancellation
 q - 3 potions of brilliance
 t - 3 potions of haste
 v - 2 potions of might
 x - 5 potions of heal wounds
 z - 3 potions of degeneration
 D - 2 potions of magic
 H - 3 potions of agility {unknown}
 O - a potion of resistance {unknown}
 S - a potion of lignification {unknown}
Books
 b - a book of Conjurations

   Spells                             Type                      Level
   a - Magic Dart                     Conjuration                  1
   b - Searing Ray                    Conjuration                  2
   c - Dazzling Spray                 Conjuration/Hexes            3
   d - Fulminant Prism                Conjuration/Hexes            4
   e - Iskenderun's Mystic Blast      Conjuration                  4
   f - Iskenderun's Battlesphere      Conjuration/Charms           5
 P - a book of Transfigurations

   Spells                             Type                      Level
   a - Irradiate                      Conjuration/Transmutation    5
   b - Statue Form                    Transmutation/Earth          6
   c - Hydra Form                     Transmutation                6
   d - Dragon Form                    Transmutation                7
 W - Ceohish's Reference Book on Battle Magic
   (Sif Muna gifted it to you on level 12 of the Dungeon)

   Spells                             Type                      Level
   a - Sticky Flame                   Conjuration/Fire             4
   b - Venom Bolt                     Conjuration/Poison           5
   c - Orb of Destruction             Conjuration                  7
   d - Spellforged Servitor           Conjuration/Summoning        7
Comestibles
 c - 10 bread rations
 g - 5 meat rations
 N - 6 beef jerkies
 X - 3 chunks of flesh


   Skills:
 + Level 5.4 Armour
 - Level 2.4 Dodging
 - Level 2.4 Stealth
 * Level 15.5 Spellcasting
 * Level 13.7 Conjurations
 * Level 6.0 Charms


You had 15 spell levels left.
You knew the following spells:

 Your Spells              Type           Power        Failure   Level  Hunger
a - Magic Dart            Conj           ####         0%          1    None
b - Iskenderun's Battles  Conj/Chrm      #######.     1%          5    ##.....
c - Iskenderun's Mystic   Conj           #######.     1%          4    None
d - Irradiate             Conj/Trmt      ######....   6%          5    ##.....
o - Orb of Destruction    Conj           #######...   12%         7    ######.
s - Sticky Flame          Conj/Fire      ######..     1%          4    None


Dungeon Overview and Level Annotations

Branches:
Dungeon (12/15)            Temple (1/1) D:7            Lair (1/8) D:9
    Orc (0/2) D:12

Altars:
Elyvilon
Fedhas
Kikubaaqudgha
Makhleb
Pakellas
Qazlal
Ru
Sif Muna
Trog
Vehumet
Xom
The Shining One
Jiyva

Annotations:
D:4 Edmund


Message History

Casting: Iskenderun's Battlesphere
Confirm with . or Enter, or press ? or * to list all spells.
Aiming: Magic Dart
Press: ? - help, Shift-Dir - straight line, f - centaur
Aim: a centaur, wielding a shortbow You feel a surge of power!
The magic dart hits the centaur.
Your battlesphere fires!
The barrage of energy hits the centaur.
The centaur is severely wounded.
The centaur warrior shoots an arrow.
The arrow hits you!!
Ouch! That really hurt!
The centaur shoots an arrow.
The arrow hits you!
* * * LOW HITPOINT WARNING * * *
An arrow appears from out of your range of vision.
The arrow hits your battlesphere!
Your battlesphere is destroyed!
You hear a splash.
The centaur shoots an arrow.
The arrow closely misses you.
The centaur warrior shoots an arrow.
The arrow hits you!!
You die...

. cc..≈≈≈≈ # ...≈≈≈
.# ### #..≈≈≈
#.#######.# ##.≈≈≈
#.##....... ####.≈≈≈≈
#.## #.. ..≈≈≈≈§§#
#.. #.. ≈≈≈≈≈≈≈(# #.#
#.# ≈≈≈.##@######.#
#># #...........# #.#
###########.#######.#
#.........#
###########


You could see a centaur warrior and a centaur.

Vanquished Creatures
  Erica (D:11)
  The ghost of lorenzova the Eclecticist, a journeyman DECj of Sif Muna (D:10)
  Sonja (D:10)
  Urug (D:10)
  Pikel (D:9)
  A cyclops (D:11)
  A black mamba (Lair:1)
  Psyche (D:11)
  A rime drake (Lair:1)
  3 trolls
  3 wyverns
  A hippogriff (D:10)
  5 yaks (D:11)
  Grum (D:8)
  2 wargs (D:12)
  The ghost of jazmu the Magician, an amateur OpFE (D:5)
  4 sky beasts
  A water moccasin (D:8)
  4 porcupines (D:9)
  3 ice beasts
  A black bear (D:11)
  8 orc warriors
  4 slaves (D:9)
  2 necrophages
  A phantom (D:11)
  2 wasps
  9 centaurs
  3 ogres
  4 wolves (D:8)
  A big kobold (D:8)
  9 giant frogs
  4 scorpions
  12 killer bees
  19 wights
  A giant frog zombie (D:11)
  2 crimson imps
  2 quasits
  A wasp zombie (D:9)
  3 hounds (D:11)
  6 jellies
  A giant frog skeleton (D:4)
  11 orc priests
  2 centaur skeletons
  10 orc wizards
  8 worker ants
  A statue (D:9)
  A hound zombie (D:11)
  A hound skeleton (D:8)
  3 worker ant zombies
  3 gnolls (D:9)
  9 adders
  A howler monkey skeleton (D:4)
  5 river rats
  A shadow imp (D:8)
  4 worms
  3 dart slugs (D:1)
  9 giant geckos
  39 orcs
  7 ball pythons
  6 bats
  5 giant cockroaches
  9 goblins
  5 hobgoblins
  14 jackals
  5 quokkas
  2 giant gecko skeletons
  10 giant newts
  A jackal skeleton (D:4)
  A jackal zombie (D:7)
  14 kobolds
  25 rats
  4 plants (Sewer)
351 creatures vanquished.

Vanquished Creatures (others)
  2 plants
2 creatures vanquished.

Grand Total: 353 creatures vanquished

Notes
Turn   | Place    | Note
--------------------------------------------------------------
     0 | D:1      | lorenzova the Deep Elf Conjurer began the quest for the Orb.
     0 | D:1      | Reached XP level 1. HP: 10/10 MP: 6/6
   147 | D:1      | Reached XP level 2. HP: 15/15 MP: 6/8
   409 | D:1      | Reached skill level 5 in Conjurations
   797 | D:2      | Reached XP level 3. HP: 19/19 MP: 6/10
  1163 | D:2      | Reached skill level 4 in Spellcasting
  1756 | D:3      | Reached XP level 4. HP: 24/24 MP: 4/12
  1762 | D:3      | Learned a level 4 spell: Iskenderun's Mystic Blast
  1873 | D:3      | Found a glowing drain.
  1923 | Sewer    | Entered a sewer
  3366 | D:3      | Reached skill level 5 in Spellcasting
  3366 | D:3      | Reached XP level 5. HP: 28/28 MP: 2/14
  4002 | D:3      | Found a sacrificial altar of Ru.
  4555 | D:4      | Noticed Edmund
  4706 | D:4      | Reached skill level 6 in Spellcasting
  4706 | D:4      | Reached XP level 6. HP: 32/32 MP: 9/17
  4845 | D:4      | Found an ancient bone altar of Kikubaaqudgha.
  5087 | D:5      | Entered Level 5 of the Dungeon
  5141 | D:5      | Noticed jazmu's ghost (amateur OpFE)
  5143 | D:5      | Killed jazmu's ghost
  6053 | D:5      | Reached skill level 7 in Spellcasting
  6053 | D:5      | Reached XP level 7. HP: 36/36 MP: 4/19
  7033 | D:5      | Reached skill level 8 in Spellcasting
  7458 | D:6      | Reached XP level 8. HP: 35/41 MP: 17/22
  7497 | D:6      | Reached skill level 9 in Spellcasting
  7677 | D:6      | Got a bone quarterstaff
  7678 | D:6      | Identified the +1 quarterstaff of Xushik {flame, Fragile rElec rPois rN++} (You found it on level 6 of the Dungeon)
  8322 | D:7      | Found a staircase to the Ecumenical Temple.
  8345 | Temple   | Entered the Ecumenical Temple
  8403 | Temple   | Became a worshipper of Sif Muna the Loreminder
  8466 | D:7      | Reached skill level 10 in Spellcasting
  8711 | D:7      | Reached skill level 10 in Conjurations
  8869 | D:7      | Reached skill level 1 in Armour
  9114 | D:7      | Reached XP level 9. HP: 20/44 MP: 8/25
  9284 | D:7      | Found a stormy altar of Qazlal.
  9284 | D:7      | Found a white marble altar of Elyvilon.
  9284 | D:7      | Found a blossoming altar of Fedhas.
  9284 | D:7      | Found a burning altar of Makhleb.
  9291 | D:7      | Found an oddly glowing altar of Pakellas.
  9293 | D:7      | Found a sacrificial altar of Ru.
  9356 | D:8      | Noticed Grum
  9357 | D:8      | Reached * piety under Sif Muna
  9467 | D:8      | Killed Grum
  9467 | D:8      | Reached skill level 11 in Spellcasting
  9483 | D:8      | HP: 2/44 [centaur/arrow (10)]
 10161 | D:8      | Reached ** piety under Sif Muna
 10515 | D:8      | Reached skill level 12 in Spellcasting
 10654 | D:8      | Found a viscous altar of Jiyva.
 11009 | D:8      | Found a deep blue altar of Sif Muna.
 11125 | D:9      | Found a staircase to the Lair.
 11449 | D:9      | Reached XP level 10. HP: 49/49 MP: 21/28
 11540 | D:9      | Learned a level 5 spell: Iskenderun's Battlesphere
 11879 | D:9      | Found a radiant altar of Vehumet.
 12095 | D:9      | Reached skill level 13 in Spellcasting
 12334 | D:9      | Reached *** piety under Sif Muna
 12483 | D:9      | Noticed Pikel
 12545 | D:9      | Killed Pikel
 12920 | D:10     | Entered Level 10 of the Dungeon
 12924 | D:10     | Noticed Sonja
 12927 | D:10     | Killed Sonja
 13067 | D:10     | Noticed Urug
 13076 | D:10     | Killed Urug
 13076 | D:10     | Reached **** piety under Sif Muna
 13076 | D:10     | Reached skill level 14 in Spellcasting
 13354 | D:10     | Noticed lorenzova's ghost (journeyman DECj)
 13362 | D:10     | Killed lorenzova's ghost
 13362 | D:10     | Reached XP level 11. HP: 53/53 MP: 13/31
 14550 | D:11     | Reached skill level 1 in Charms
 14845 | D:11     | Reached ***** piety under Sif Muna
 15101 | D:11     | Noticed Erica
 15115 | D:11     | Killed Erica
 15117 | D:11     | Reached skill level 5 in Armour
 15728 | D:11     | Reached skill level 15 in Spellcasting
 16086 | D:11     | Noticed Psyche
 16089 | D:11     | Killed Psyche
 16122 | D:11     | Reached skill level 5 in Charms
 16593 | Lair:1   | Entered Level 1 of the Lair of Beasts
 17376 | D:12     | Reached ****** piety under Sif Muna
 17376 | D:12     | Received a gift from Sif Muna
 17386 | D:12     | Found a staircase to the Orcish Mines.
 17388 | D:12     | Identified Ceohish's Reference Book on Battle Magic (Sif Muna gifted it to you on level 12 of the Dungeon)
 17397 | D:12     | Learned a level 7 spell: Orb of Destruction
 17402 | D:12     | Learned a level 4 spell: Sticky Flame
 17444 | D:12     | Learned a level 5 spell: Irradiate
 17628 | D:12     | Noticed a centaur warrior
 17631 | D:12     | Shot with an arrow by a centaur warrior

Skill      XL: |  1  2  3  4  5  6  7  8  9 10 11 |
---------------+----------------------------------+-----
Conjurations   | 5 6 7 8 10 11 12 13 | 13.7
Spellcasting   | 4 5 6 7 8 10 12 14 15 | 15.5
Armour         | 1 3 4 5 |  5.4
Charms         | 6 |  6.0
Dodging        | |  2.4
Stealth        | |  2.4

Action                   |  1- 3 |  4- 6 |  7- 9 | 10-12 || total
-------------------------+-------+-------+-------+-------++-------
Melee: Hand axe          |     1 |   358 |    35 |       ||   394
       Quarterstaff      |       |       |    19 |     6 ||    25
 Cast: Magic Dart        |    71 |   149 |   249 |   222 ||   691
       Iskenderun's Myst |       |    16 |    64 |    49 ||   129
       Iskenderun's Batt |       |       |       |    60 ||    60
  Use: Scroll            |       |     9 |     1 |     6 ||    16
       Potion            |       |       |     1 |       ||     1
 Stab: Sleeping          |     1 |     1 |     1 |       ||     3
  Eat: Chunk             |     2 |     8 |     8 |    18 ||    36
       Beef jerky        |       |     2 |     1 |       ||     3
       Meat ration       |       |     1 |     2 |       ||     3
       Fruit             |       |       |       |     5 ||     5
Armor: Robe              |     1 |    10 |    11 |    11 ||    33
       Leather armour    |       |     1 |    15 |     1 ||    17
Dodge: Dodged            |     3 |    53 |    77 |    37 ||   170
